[Event "Titled Tuesday Blitz February 07 Early 2023"]
[White "Hartikainen, Jarmo"]
[Black "Rose, Felix"]
[WhiteFideId "503134"]
[BlackFideId "5105722"]
[WhiteElo "2108"]
[BlackElo "2091"]
[Result "0-1"]
[Round "09"]
[TimeControl "180+2"]
[Date "2023.02.07"]
[WhiteClock "0:00:01"]
[BlackClock "0:00:14"]

1. e4 e5 2. Nf3 Nc6 3. Bc4 Nf6 4. d3 Bc5 5. c3 a6 6. O-O Ba7 7. b4 d6 8. Qb3 O-O 9. Bg5 h6 10. Bh4 g5 11. Bg3 b5 12. Bd5 Nxd5 13. exd5 Ne7 14. d4 e4 15. Nfd2 f5 16. f4 Ng6 17. a4 Qf6 18. axb5 axb5 19. Na3 gxf4 20. Bxf4 Nxf4 21. Rxf4 Bxd4+ 22. Kh1 Bxc3 23. Nxe4 Qe5 24. Qxc3 Qxf4 25. Nf6+ Rxf6 26. Qxf6 Rxa3 27. Qd8+ Kf7 28. Qxc7+ Kg6 29. Rc1 Re3 30. h3 Re8 31. Qc3 Qe5 32. Qd3 Qe4 33. Qxe4 fxe4 34. Re1 e3 35. Kg1 Kf5 36. g4+ Ke4 37. Kg2 Rf8 38. Kg3 Rf3+ 39. Kg2 Rf2+ 40. Kg3 Rb2 41. h4 Bb7 42. g5 hxg5 43. hxg5 Bxd5 44. g6 Kd3 45. g7 Rg2+ 46. Kf4 Rxg7 47. Rxe3+ Kd4 48. Re8 Kc4 49. Ke3 Kxb4 50. Kd4 Bc4 51. Rb8 Rg4+ 52. Ke3 d5 53. Kd2 d4 54. Rb7 Rg2+ 55. Kd1 Kc3 56. Rc7 Rg1# 0-1


[Site "https://www.chess.com"]

[Event "Titled Tuesday Blitz February 07 Early 2023"]
[White "Fabris, Alberto"]
[Black "Ruiz Aguilar, Pablo Alexander"]
[WhiteFideId "801348"]
[BlackFideId "4401352"]
[WhiteElo "2230"]
[BlackElo "2161"]
[Result "1-0"]
[Round "09"]
[TimeControl "180+2"]
[Date "2023.02.07"]
[WhiteClock "0:00:08"]
[BlackClock "0:00:01"]

1. e4 c5 2. Nf3 e6 3. d4 cxd4 4. Nxd4 a6 5. c4 d6 6. Nc3 Nf6 7. Be2 Be7 8. O-O b6 9. Kh1 Bb7 10. f3 Qc7 11. Be3 Nbd7 12. Rc1 Rc8 13. b3 Qb8 14. Qe1 O-O 15. Qf2 Rfe8 16. Rfd1 Ba8 17. Bf1 Ne5 18. Nde2 b5 19. cxb5 axb5 20. Nd4 b4 21. Na4 Rxc1 22. Rxc1 d5 23. exd5 Nxd5 24. Bd2 Qa7 25. Kg1 Nc3 26. Be3 Nxa4 27. bxa4 Qxa4 28. Bb5 Qa3 29. Bxe8 Nd3 30. Qc2 Nxc1 31. Qxc1 Qxc1+ 32. Bxc1 Bc5 33. Be3 Bd5 34. Nc2 Bxe3+ 35. Nxe3 Bxa2 36. Nd1 Kf8 37. Ba4 Ke7 38. Kf2 Kd6 39. Ke3 Kc5 40. Kd3 Bc4+ 41. Kd2 e5 42. Ne3 Be6 43. Kd3 f5 44. g3 g5 45. Bd1 h5 46. Be2 h4 47. gxh4 gxh4 48. Ng2 f4 49. Kd2 Kd4 50. Bd3 1-0


[Site "https://www.chess.com"]

[Event "Titled Tuesday Blitz February 07 Early 2023"]
[White "Szyszylo, Rafal"]
[Black "Burke, John F"]
[WhiteFideId "1109626"]
[BlackFideId "2052970"]
[WhiteElo "2091"]
[BlackElo "2013"]
[Result "1-0"]
[Round "09"]
[TimeControl "180+2"]
[Date "2023.02.07"]
[WhiteClock "0:00:29"]
[BlackClock "0:00:32"]

1. e4 c5 2. Nf3 Nc6 3. Bb5 e6 4. O-O Nge7 5. c3 a6 6. Ba4 b5 7. Bc2 Ng6 8. a3 d6 9. d4 cxd4 10. cxd4 Be7 11. Nc3 Bb7 12. Re1 Rc8 13. d5 Na5 14. dxe6 fxe6 15. Nd4 Qd7 16. Qh5 Bf6 17. Rd1 Rc5 18. Qg4 Kf7 19. f4 h5 20. Qh3 Nc4 21. e5 dxe5 22. Bxg6+ Kxg6 23. Nxe6 Qc6 24. Nxc5 Qxc5+ 25. Kh1 e4 26. f5+ Kf7 27. Bf4 Nxb2 28. Rd7+ Kg8 29. Rxb7 Qxc3 30. Rb8+ Kh7 31. Qxh5# 1-0


[Site "https://www.chess.com"]

[Event "Titled Tuesday Blitz February 07 Early 2023"]
[White "Barwinska, Ewa"]
[Black "Schut, Han"]
[WhiteFideId "21833761"]
[BlackFideId "1005561"]
[WhiteElo "1914"]
[BlackElo "2101"]
[Result "0-1"]
[Round "09"]
[TimeControl "180+2"]
[Date "2023.02.07"]
[WhiteClock "0:00:04"]
[BlackClock "0:00:28"]

1. e4 c5 2. d4 cxd4 3. c3 g6 4. cxd4 d5 5. e5 Nc6 6. Nc3 Nh6 7. f4 Bg4 8. Be2 Bxe2 9. Ngxe2 Nf5 10. g4 Nh4 11. Kf2 h5 12. h3 e6 13. Be3 Be7 14. Qb3 Na5 15. Qb5+ Kf8 16. b3 a6 17. Qd3 Nc6 18. a3 Rc8 19. b4 b5 20. Rac1 Nb8 21. Kg3 Nd7 22. Rc2 Nb6 23. Nc1 Nc4 24. Nb3 hxg4 25. hxg4 Nf5+ 26. gxf5 Rxh1 27. Nc5 gxf5 28. Rh2 Bh4+ 29. Kg2 Rxh2+ 30. Kxh2 Ke7 31. Nxa6 Qh8 32. Kg2 Rg8+ 33. Kf1 Bg3 34. Nxb5 Qh1+ 35. Ke2 Qg2+ 36. Kd1 Bf2 37. Qe2 Nxe3+ 38. Kd2 Nc4+ 39. Kd1 Qg1+ 40. Kc2 Rg2 0-1


[Site "https://www.chess.com"]

[Event "Titled Tuesday Blitz February 07 Early 2023"]
[White "Sovetbekova, Nurai"]
[Black "Ardila, Oscar Humberto"]
[WhiteFideId "13801910"]
[BlackFideId "4404742"]
[WhiteElo "1764"]
[BlackElo "1982"]
[Result "1-0"]
[Round "09"]
[TimeControl "180+2"]
[Date "2023.02.07"]
[WhiteClock "0:00:04"]
[BlackClock "0:00:03"]

1. d4 Nf6 2. c4 g6 3. Nc3 Bg7 4. e4 d6 5. Nf3 O-O 6. Be2 Nbd7 7. O-O e5 8. Be3 exd4 9. Nxd4 Re8 10. Qc2 Nc5 11. f3 Bd7 12. b4 Ne6 13. Rfd1 Nh5 14. Rac1 a5 15. a3 axb4 16. axb4 Qh4 17. Bf2 Nxd4 18. Bxh4 Nxc2 19. Rxc2 Nf4 20. Nd5 Nxe2+ 21. Rxe2 Ra1 22. Rxa1 Bxa1 23. Bf6 Ra8 24. Re1 c6 25. Nb6 Bxf6 26. Nxa8 Bd4+ 27. Kf1 Be6 28. Rc1 f5 29. Ke2 fxe4 30. fxe4 Kf7 31. Kd3 Be5 32. h3 Ke7 33. Nb6 Kd8 34. c5 Kc7 35. Nc4 Bf4 36. Rf1 g5 37. cxd6+ Kd7 38. Kd4 Bxc4 39. Kxc4 Kxd6 40. Rf3 Ke5 41. Kd3 h5 42. g3 Bc1 43. Rf7 b5 44. Rc7 Kd6 45. Rh7 h4 46. gxh4 gxh4 47. Rxh4 Ba3 48. Kc3 Bc1 49. Rg4 Ke5 50. Kd3 Ba3 51. Rg6 Bxb4 52. Rxc6 Be1 53. Rb6 b4 54. Rb5+ Ke6 55. Ke2 Bc3 56. Ke3 Kd6 57. h4 Kc6 58. Rb8 Kc5 59. h5 Bb2 60. h6 Bc1+ 61. Kd3 Bxh6 62. Rc8+ Kb5 63. Rb8+ Kc5 64. Rc8+ Kb5 65. e5 Bg5 66. e6 Kb6 67. Kc4 Kb7 68. Rg8 Bh4 69. Kxb4 Kc6 70. Rg6 Be7+ 71. Kc4 Kd6 72. Kd4 Bh4 73. Ke4 Ke7 74. Kf5 Bf2 75. Rg7+ Ke8 76. Rb7 Bc5 77. Kf6 Bd4+ 78. Kf5 Bc3 79. Ke4 Bf6 80. Kd5 Bh4 81. Rh7 Bg3 82. Rg7 Bf2 83. Kd6 1-0


[Site "https://www.chess.com"]

[Event "Titled Tuesday Blitz February 07 Early 2023"]
[White "Clawitter, Craig"]
[Black "Zanette, Edgard Vinicius"]
[WhiteFideId "2023105"]
[BlackFideId "2109263"]
[WhiteElo "2050"]
[BlackElo "2085"]
[Result "0-1"]
[Round "09"]
[TimeControl "180+2"]
[Date "2023.02.07"]
[WhiteClock "0:00:47"]
[BlackClock "0:00:57"]

1. e4 c5 2. Nf3 d6 3. d4 cxd4 4. Nxd4 Nf6 5. Nc3 a6 6. Be3 e5 7. Nb3 Be7 8. f3 Be6 9. g4 O-O 10. Qd2 Nbd7 11. O-O-O Qc7 12. g5 Nh5 13. Nd5 Bxd5 14. exd5 f6 15. Rg1 fxg5 16. Bxg5 Bxg5 17. Qxg5 Ndf6 18. Bh3 Nf4 19. Bf5 Ne2+ 20. Kb1 Nxg1 21. Rxg1 a5 22. Nd2 Kh8 23. Qh4 Qc5 24. Qg5 Rf7 25. Ne4 Qxd5 26. Nxf6 gxf6 27. Qh5 Rg8 28. Rxg8+ Kxg8 29. Qg4+ Kf8 30. a3 Rg7 31. Qh4 Rg1+ 0-1


[Site "https://www.chess.com"]

[Event "Titled Tuesday Blitz February 07 Early 2023"]
[White "Bolanos, Fernando"]
[Black "Dzhaparov, Medet"]
[WhiteFideId "3304094"]
[BlackFideId "13803689"]
[WhiteElo "2248"]
[BlackElo "1578"]
[Result "0-1"]
[Round "09"]
[TimeControl "180+2"]
[Date "2023.02.07"]
[WhiteClock "0:00:01"]
[BlackClock "0:02:29"]

1. e4 e5 2. Nf3 Nc6 3. Bc4 Nf6 4. d3 Bc5 5. Nbd2 O-O 6. O-O h6 7. c3 d6 8. b4 Bb6 9. a4 a5 10. b5 Ne7 11. h3 c6 12. Re1 Ng6 13. Nf1 Re8 14. Be3 Bxe3 15. Nxe3 d5 16. exd5 cxd5 17. Ba2 d4 18. cxd4 exd4 19. Nc4 Be6 20. Nfe5 Nxe5 21. Nxe5 Bxa2 22. Rxa2 Nd5 23. Rc2 Nc3 24. Qa1 Qf6 25. Nf3 Qd6 0-1


[Site "https://www.chess.com"]

[Event "Titled Tuesday Blitz February 07 Early 2023"]
[White "Winkels, Marcel"]
[Black "Mendez Machado, Andre"]
[WhiteFideId "1003887"]
[BlackFideId "6603793"]
[WhiteElo "1960"]
[BlackElo "1974"]
[Result "1/2-1/2"]
[Round "09"]
[TimeControl "180+2"]
[Date "2023.02.07"]
[WhiteClock "0:00:09"]
[BlackClock "0:00:04"]

1. d4 Nf6 2. Bg5 d5 3. e3 e6 4. Nf3 Be7 5. Nc3 O-O 6. Bd3 c5 7. dxc5 Bxc5 8. O-O Nbd7 9. e4 dxe4 10. Nxe4 Be7 11. Qe2 Nxe4 12. Qxe4 f5 13. Qxe6+ Rf7 14. Bxe7 Qxe7 15. Qxe7 Rxe7 16. Bxf5 Nf6 17. Bd3 Bg4 18. Rfe1 Rae8 19. Rxe7 Rxe7 20. Re1 Rxe1+ 21. Nxe1 Kf8 22. f3 Be6 23. Kf2 Ke7 24. b3 Nd5 25. Bxh7 Nc3 26. a4 Nd1+ 27. Ke2 Nc3+ 28. Kd3 Nd5 29. g3 Nb4+ 30. Kd4 Nc6+ 31. Kd3 Nb4+ 32. Kd2 Kf6 33. Bd3 b6 34. Be4 Na6 35. Nd3 g5 36. Ke3 Nb8 37. f4 Nd7 38. fxg5+ Kxg5 39. Nf4 Bg8 40. Bf3 Ne5 41. h4+ Kf5 42. Be4+ Kg4 43. Kf2 Bf7 44. Bb7 Kf5 45. Bc8+ Ke4 46. h5 Kd4 47. Ne2+ Ke4 48. h6 Bg6 49. Bb7+ Kf5 50. Nf4 Bh7 51. Ba6 Kg5 52. Ke3 Bxc2 53. h7 Bxh7 54. Nd3 Ng4+ 55. Kf3 Bg8 56. Bc4 Bh7 57. Nf2 Ne5+ 58. Ke3 Ng4+ 59. Nxg4 Kxg4 60. Kf2 Bc2 61. Bd5 a5 62. Bc4 Bd1 63. Kg2 Bf3+ 64. Kf2 Bd1 65. Bd5 Bc2 66. Bf3+ Kg5 67. Bd5 Kg4 1/2-1/2


[Site "https://www.chess.com"]

[Event "Titled Tuesday Blitz February 07 Early 2023"]
[White "Zaksaite, Salomeja"]
[Black "Kiseleva, Arina"]
[WhiteFideId "12801496"]
[BlackFideId "4164989"]
[WhiteElo "2283"]
[BlackElo "1962"]
[Result "0-1"]
[Round "09"]
[TimeControl "180+2"]
[Date "2023.02.07"]
[WhiteClock "0:00:01"]
[BlackClock "0:00:08"]

1. e4 c6 2. d4 d5 3. exd5 cxd5 4. Bd3 Nc6 5. c3 Nf6 6. h3 g6 7. Nf3 Bf5 8. Be2 h5 9. O-O e6 10. Re1 Be4 11. Nbd2 Be7 12. Nxe4 Nxe4 13. Bd3 Nd6 14. Qc2 Rg8 15. Ne5 Nxe5 16. dxe5 Nf5 17. Bb5+ Kf8 18. g4 hxg4 19. hxg4 a6 20. Bd3 Nh4 21. Bh6+ Ke8 22. Re3 Qd7 23. Rh3 g5 24. c4 Qc6 25. cxd5 Qxd5 26. Be4 Qc5 27. Qxc5 Bxc5 28. Bxb7 Rb8 29. Bc6+ Ke7 30. Bxg5+ Rxg5 31. Rxh4 Rxb2 32. Rh2 Rxe5 33. Rd1 Ree2 34. Rd7+ Kf6 0-1


[Site "https://www.chess.com"]

[Event "Titled Tuesday Blitz February 07 Early 2023"]
[White "Fajdetic, Hrvoje"]
[Black "Osiecki, Stanislaw"]
[WhiteFideId "14501945"]
[BlackFideId "1102990"]
[WhiteElo "2151"]
[BlackElo "2055"]
[Result "1-0"]
[Round "09"]
[TimeControl "180+2"]
[Date "2023.02.07"]
[WhiteClock "0:00:19"]
[BlackClock "0:00:20"]

1. f4 d5 2. Nf3 c5 3. e3 Nc6 4. Bb5 Bg4 5. Bxc6+ bxc6 6. O-O e6 7. d3 Nf6 8. b3 Be7 9. Bb2 O-O 10. Nc3 Nd7 11. e4 d4 12. Na4 Qc7 13. Bc1 Nb6 14. Nb2 a5 15. a4 e5 16. f5 Qd8 17. Qe1 Bxf3 18. Rxf3 Bg5 19. Bxg5 Qxg5 20. f6 g6 21. Qf2 Nd7 22. Rf1 h5 23. Rg3 Qh6 24. Nc4 Rfe8 25. h4 Re6 26. Rg5 Rxf6 27. Qxf6 Nxf6 28. Rxf6 Re8 29. Nxa5 Kg7 30. Rf2 f6 31. Rg3 Re6 32. Nb7 Qc1+ 33. Kh2 Qa3 34. Na5 Kf7 35. Nc4 Qa1 36. Rgf3 Ke7 37. a5 Qc1 38. Rf1 Qh6 39. a6 Qh8 40. a7 Qa8 41. Ra1 Kf7 42. Nb6 Qb7 43. a8=Q Qxa8 44. Rxa8 f5 45. Ra7+ Kf6 46. Nd7+ Ke7 47. Nxc5+ Kd6 48. Nxe6 1-0


[Site "https://www.chess.com"]

[Event "Titled Tuesday Blitz February 07 Early 2023"]
[White "Ricaurte Lopez, Juan Carlos"]
[Black "Zampronha, Wladimir Camilo"]
[WhiteFideId "3600327"]
[BlackFideId "2103087"]
[WhiteElo "2226"]
[BlackElo "2176"]
[Result "0-1"]
[Round "09"]
[TimeControl "180+2"]
[Date "2023.02.07"]
[WhiteClock "0:00:59"]
[BlackClock "0:00:30"]

1. e4 c5 2. d4 cxd4 3. c3 Nf6 4. e5 Nd5 5. cxd4 e6 6. Nf3 b6 7. Nc3 Bb7 8. Bd3 Nxc3 9. bxc3 Qc7 10. Bd2 d6 11. O-O Nd7 12. Re1 Be7 13. a4 dxe5 14. Nxe5 Nxe5 15. Rxe5 Bf6 16. Re1 O-O 17. Qg4 Rfd8 18. a5 Bd5 19. a6 Rac8 20. f4 g6 21. h4 h5 22. Qg3 Qe7 23. Re5 Bxh4 24. Qh3 Bf6 25. g4 hxg4 26. Qxg4 Kg7 27. Rf1 Rh8 28. Kf2 Rh2+ 29. Ke1 Bxe5 30. fxe5 Qh4+ 31. Qxh4 Rxh4 32. Bg5 Rh2 33. Bd2 Rh1 34. Rxh1 Bxh1 35. Kf2 Bd5 36. Kg3 Bc4 37. Bxc4 Rxc4 38. Kf3 Ra4 39. Ke4 b5 40. Kd3 Kf8 41. Bg5 Ke8 42. Kc2 Kd7 43. Kb3 Kc6 44. Be7 Rxa6 45. c4 bxc4+ 46. Kxc4 Ra4+ 47. Kc3 Kd5 48. Bc5 Rc4+ 49. Kd3 Rxc5 50. dxc5 Kxc5 51. Ke3 Kc4 52. Kf4 Kd4 0-1


[Site "https://www.chess.com"]

[Event "Titled Tuesday Blitz February 07 Early 2023"]
[White "Hertlein, Irena"]
[Black "Necula, Iulian"]
[WhiteFideId "21817618"]
[BlackFideId "1232380"]
[WhiteElo "1994"]
[BlackElo "1851"]
[Result "1-0"]
[Round "09"]
[TimeControl "180+2"]
[Date "2023.02.07"]
[WhiteClock "0:00:05"]
[BlackClock "0:00:52"]

1. Nf3 f5 2. d3 Nf6 3. e4 d6 4. exf5 Bxf5 5. g3 g6 6. Bg2 Bg7 7. O-O c6 8. d4 O-O 9. c3 Qe8 10. Re1 h6 11. Qb3+ Qf7 12. Qxb7 Nbd7 13. Qxc6 Rfc8 14. Qa4 Nb6 15. Qd1 Bg4 16. h3 Bf5 17. Nh4 Kh7 18. Nxf5 gxf5 19. Bxa8 Rxa8 20. Qf3 Rf8 21. Qxf5+ Kg8 22. Qe6 Nc4 23. Qxf7+ Kxf7 24. b3 Nb6 25. c4 a5 26. Nc3 Ra8 27. a4 Nbd7 28. Nb5 d5 29. c5 Ne4 30. Kg2 e5 31. f3 Ng5 32. Bxg5 hxg5 33. Rad1 exd4 34. Nxd4 Nxc5 35. Nb5 d4 36. Nxd4 Rd8 37. Nc6 Rxd1 38. Rxd1 Nxb3 39. Rd7+ Kg6 40. Rd3 Nc5 41. Rd6+ Kf7 42. Rd5 Nxa4 43. Rxg5 Bc3 44. Nxa5 Nb2 45. Nc6 Bf6 46. Rb5 Nc4 47. f4 Ke6 48. g4 Ne3+ 49. Kf3 Nd5 50. f5+ Kd6 51. Nb4 Nc3 52. Rb6+ Ke7 53. Rb7+ Kf8 54. Rb8+ Kf7 55. Rb7+ Kg8 56. Kf4 Ne2+ 57. Ke4 Ng3+ 58. Kf3 Nf1 59. Nd5 Nd2+ 60. Ke2 Bg5 61. f6 Ne4 62. Ne7+ Kf7 63. h4 Bxf6 64. Nd5+ Ke6 65. Nxf6 Nxf6 66. Kf3 Nd5 67. g5 Ke5 68. Rb5 Ke6 69. Rxd5 Kxd5 70. h5 Ke6 71. h6 Kf5 72. h7 Kxg5 73. h8=Q Kg6 74. Qh4 1-0


[Site "https://www.chess.com"]

[Event "Titled Tuesday Blitz February 07 Early 2023"]
[White "Piesik, Piotr"]
[Black "Sabar, Ethmane Daouda"]
[WhiteFideId "1136194"]
[BlackFideId "19600097"]
[WhiteElo "2426"]
[BlackElo "2040"]
[Result "1-0"]
[Round "09"]
[TimeControl "180+2"]
[Date "2023.02.07"]
[WhiteClock "0:02:08"]
[BlackClock "0:01:30"]

1. Nf3 d5 2. g3 Bg4 3. Bg2 Bxf3 4. Bxf3 c6 5. O-O e6 6. d3 Nf6 7. Nd2 Nbd7 8. e4 dxe4 9. dxe4 e5 10. Be2 Bc5 11. Kg2 Qc7 12. f3 O-O-O 13. Nb3 Bb6 14. Qe1 h6 15. a4 a6 16. a5 Ba7 17. Bc4 Nc5 18. Be3 Qe7 19. Nd2 Kb8 20. Qf2 Nfd7 21. b4 Ka8 22. bxc5 Nxc5 23. Rfd1 g5 24. Nb3 Nxb3 25. cxb3 Bxe3 26. Qxe3 f5 27. exf5 e4 1-0


[Site "https://www.chess.com"]

[Event "Titled Tuesday Blitz February 07 Early 2023"]
[White "Papayan, Oleg"]
[Black "lisjakzlatko1"]
[WhiteFideId "4193911"]
[WhiteElo "2253"]
[BlackElo "2211"]
[Result "0-1"]
[Round "09"]
[TimeControl "180+2"]
[Date "2023.02.07"]
[WhiteClock "0:00:08"]
[BlackClock "0:00:02"]

1. d4 d5 2. Nf3 Nc6 3. c4 dxc4 4. d5 Na5 5. e4 c6 6. dxc6 Qxd1+ 7. Kxd1 bxc6 8. Bd2 Nb7 9. Bxc4 Nf6 10. Nc3 Bg4 11. h3 Bh5 12. Re1 Rd8 13. e5 Nd7 14. g4 Bg6 15. Ke2 Nb6 16. Bb3 Bd3+ 17. Kd1 e6 18. Re3 Bc5 19. Rxd3 Rxd3 20. Ke2 Rd7 21. Ne4 Be7 22. Rc1 c5 23. Bg5 Bxg5 24. Nfxg5 O-O 25. Nxc5 Rc7 26. Nd3 Rxc1 27. Nxc1 Nc5 28. Bc2 h6 29. Ne4 Rc8 30. Nd6 Rc7 31. b4 Ncd7 32. Kd2 Nxe5 33. Nb5 Rd7+ 34. Kc3 Nd5+ 35. Kb3 Nf3 36. Ne2 Rb7 37. Bd3 a6 38. Nd6 Rxb4+ 39. Ka3 Rb6 40. Nc4 Rb8 41. Na5 Rb6 42. Nc4 Rc6 43. Na5 Rd6 44. Nc4 Rd8 45. Na5 Nc7 46. Nc6 Rd6 47. Nb4 Nb5+ 48. Bxb5 axb5 49. Kb3 Nd4+ 50. Nxd4 Rxd4 51. Nc6 Rf4 52. Nd4 Rxd4 53. f3 Rf4 54. Kc3 Kf8 55. Kd3 Ke7 56. Ke3 Ra4 57. f4 Kd6 58. h4 Kd5 59. Kf3 Ra3+ 60. Kg2 Kd4 61. h5 Ke3 62. Kg3 Rxa2 63. Kh4 Kf3 64. g5 Ra1 65. gxh6 gxh6 66. Kh3 Rh1# 0-1


[Site "https://www.chess.com"]

[Event "Titled Tuesday Blitz February 07 Early 2023"]
[White "Qashashvili, Alexandre"]
[Black "Cramling Bellon, Anna"]
[WhiteFideId "13600842"]
[BlackFideId "32009232"]
[WhiteElo "2505"]
[BlackElo "2043"]
[Result "1-0"]
[Round "09"]
[TimeControl "180+2"]
[Date "2023.02.07"]
[WhiteClock "0:01:00"]
[BlackClock "0:00:03"]

1. e4 c5 2. Nc3 Nc6 3. Nf3 e6 4. d4 cxd4 5. Nxd4 Nf6 6. Be3 Bb4 7. Nxc6 bxc6 8. Bd3 d5 9. exd5 cxd5 10. Bb5+ Bd7 11. Bxd7+ Qxd7 12. Qd4 Be7 13. Qa4 Qxa4 14. Nxa4 e5 15. Bc5 Ne4 16. Bxe7 Kxe7 17. f3 Nf6 18. O-O-O Rhc8 19. Rhe1 Kd6 20. Nc3 d4 21. Ne4+ Nxe4 22. Rxe4 f5 23. Re2 Rc5 24. f4 e4 25. Rxd4+ Rd5 26. Ra4 a5 27. g4 g6 28. gxf5 gxf5 29. b4 Rg8 30. bxa5 Rb5 31. a6 Kc7 32. a7 Kb7 33. Rg2 Rd8 34. a8=Q+ Rxa8 35. Rg7+ Kb8 36. Rg8+ Kb7 37. Rgxa8 1-0


[Site "https://www.chess.com"]

[Event "Titled Tuesday Blitz February 07 Early 2023"]
[White "Mohammadian, Mohammad"]
[Black "Stolz, Mike"]
[WhiteFideId "12566055"]
[BlackFideId "4617134"]
[WhiteElo "1398"]
[BlackElo "2330"]
[Result "0-1"]
[Round "09"]
[TimeControl "180+2"]
[Date "2023.02.07"]
[WhiteClock "0:00:53"]
[BlackClock "0:01:08"]

1. e4 c5 2. Nf3 e6 3. d4 cxd4 4. Nxd4 Nc6 5. Be3 Nf6 6. Nc3 Bb4 7. Bd3 d5 8. exd5 Nxd5 9. Nxc6 Nxc3 10. bxc3 Bxc3+ 11. Bd2 Qf6 12. Nb4 Bxd2+ 13. Kxd2 Qf4+ 14. Ke2 Qxb4 15. Rb1 Qg4+ 16. Kf1 Qxd1+ 17. Rxd1 Bd7 18. f3 Bc6 19. Kf2 Ke7 20. Rhe1 h5 21. a3 h4 22. h3 Rad8 23. Rd2 g6 24. Red1 Rd6 25. Be2 Rhd8 26. Rxd6 Rxd6 27. Rxd6 Kxd6 28. f4 e5 29. fxe5+ Kxe5 30. g3 hxg3+ 31. Kxg3 Kd4 32. Bd3 Be4 33. Bxe4 Kxe4 34. Kf2 Kf4 35. a4 a5 36. c3 b6 37. c4 g5 38. Kg2 Ke3 39. Kg3 f5 40. h4 gxh4+ 41. Kxh4 f4 42. Kh3 f3 43. Kh2 f2 44. Kg2 Ke2 45. Kg3 f1=Q 46. Kg4 Qf6 0-1


[Site "https://www.chess.com"]

[Event "Titled Tuesday Blitz February 07 Early 2023"]
[White "So, Wesley"]
[Black "Daneshvar, Bardiya"]
[WhiteFideId "5202213"]
[BlackFideId "12576468"]
[WhiteElo "2760"]
[BlackElo "2540"]
[Result "1-0"]
[Round "10"]
[TimeControl "180+2"]
[Date "2023.02.07"]
[WhiteClock "0:00:58"]
[BlackClock "0:00:07"]

1. e4 c6 2. d4 d5 3. exd5 cxd5 4. Bd3 Nf6 5. c3 Bg4 6. Qb3 Qc7 7. h3 Bd7 8. Nf3 e6 9. O-O Bd6 10. Re1 Nc6 11. Nbd2 O-O 12. Nf1 Rab8 13. Bg5 Nh5 14. g3 b5 15. a3 a5 16. Rac1 Rfe8 17. Qd1 Bf8 18. Ne5 Nxe5 19. Bxh7+ Kxh7 20. Qxh5+ Kg8 21. dxe5 Qc4 22. Rcd1 g6 23. Qf3 b4 24. Ne3 Qc6 25. Ng4 bxa3 26. Nf6+ Kg7 27. Rd4 Bc5 28. Nxe8+ Kf8 29. Nd6 1-0


[Site "https://www.chess.com"]

[Event "Titled Tuesday Blitz February 07 Early 2023"]
[White "Korobov, Anton"]
[Black "Perez Ponsa, Federico"]
[WhiteFideId "14105730"]
[BlackFideId "117927"]
[WhiteElo "2664"]
[BlackElo "2532"]
[Result "1/2-1/2"]
[Round "10"]
[TimeControl "180+2"]
[Date "2023.02.07"]
[WhiteClock "0:00:15"]
[BlackClock "0:00:06"]

1. d4 Nf6 2. c4 g6 3. Nc3 Bg7 4. e4 d6 5. Be2 O-O 6. Nf3 e5 7. O-O exd4 8. Nxd4 Re8 9. f3 c6 10. Kh1 d5 11. exd5 cxd5 12. Bg5 Nc6 13. Nxc6 bxc6 14. cxd5 cxd5 15. Bb5 Bd7 16. Bxd7 Qxd7 17. Bxf6 Bxf6 18. Nxd5 Qf5 19. Nxf6+ Qxf6 20. Rf2 Rad8 21. Rd2 Qg5 22. Rxd8 Rxd8 23. Qg1 Rd2 24. b3 a6 25. a4 Rb2 26. Rb1 Ra2 27. Re1 h5 28. h3 Qg3 29. Rd1 Kh7 30. Qh2 Qf2 31. Rg1 Qe3 32. Qc7 Qxb3 33. a5 Qd5 34. Re1 Rxa5 35. Re7 Qd1+ 36. Kh2 Rf5 37. Rxf7+ Rxf7 38. Qxf7+ Kh6 39. Qf8+ Kh7 40. Qe7+ Kh6 41. Qe3+ Kh7 42. Qa7+ Kh6 43. Qxa6 Qd4 44. Qe2 h4 45. Qe1 g5 46. Kh1 Qf4 47. Qe4 Qc1+ 48. Kh2 Qc7+ 49. Kg1 Qc1+ 50. Kf2 Qd2+ 51. Qe2 Qd4+ 52. Qe3 Qb2+ 53. Kg1 Qb1+ 54. Kf2 Qc2+ 55. Qe2 Qc5+ 56. Kf1 Qc1+ 57. Qe1 Qc4+ 58. Kg1 Qc5+ 59. Kh1 Qc2 60. Qe6+ Kg7 61. Qd6 Qc1+ 62. Kh2 Qe3 63. Qc7+ Kf6 64. Qc6+ Kf5 65. Qd6 Qf4+ 66. Qxf4+ gxf4 67. Kg1 Ke5 68. Kf2 Kd4 69. Ke2 Kc3 70. Ke1 Kd3 71. Kd1 Ke3 72. Ke1 Kd3 73. Kd1 Ke3 74. Ke1 Kd3 1/2-1/2


[Site "https://www.chess.com"]

[Event "Titled Tuesday Blitz February 07 Early 2023"]
[White "Keymer, Vincent"]
[Black "Urazayev, Arystanbek"]
[WhiteFideId "12940690"]
[BlackFideId "13709810"]
[WhiteElo "2700"]
[BlackElo "2460"]
[Result "0-1"]
[Round "10"]
[TimeControl "180+2"]
[Date "2023.02.07"]
[WhiteClock "0:00:24"]
[BlackClock "0:00:10"]

1. Nf3 d5 2. e3 Nf6 3. c4 e6 4. Nc3 a6 5. b3 b6 6. cxd5 exd5 7. g3 Bb7 8. Bg2 Bd6 9. O-O O-O 10. Bb2 Nbd7 11. Rc1 Re8 12. Re1 h6 13. Re2 Nc5 14. d3 Ne6 15. Rec2 Qd7 16. Ne2 Qe7 17. Ned4 Nxd4 18. Nxd4 Qd7 19. Nc6 Qf5 20. Qf3 Qxd3 21. Bxf6 gxf6 22. Qxf6 Re6 23. Qd4 Qxd4 24. Nxd4 Rf6 25. Nc6 Ba3 26. Bxd5 Bxc1 27. Ne7+ Kf8 28. Bxb7 Rb8 29. Rxc7 Ba3 30. Nc6 Rxb7 31. Rxb7 Rxc6 32. Rd7 Rc2 33. Rb7 Bc5 34. b4 Bxb4 35. Rxb6 a5 36. a4 Kg7 37. Rb7 Be1 38. Rb5 Bxf2+ 39. Kf1 Bxe3 40. Rxa5 Rxh2 41. Re5 Bd4 42. Rd5 Bc3 43. Rc5 Bf6 44. Rc4 Ra2 45. Kg1 h5 46. Kf1 Kg6 47. Kg1 Be5 48. g4 h4 0-1


[Site "https://www.chess.com"]

[Event "Titled Tuesday Blitz February 07 Early 2023"]
[White "Guseinov, Gadir"]
[Black "Bruzon Batista, Lazaro"]
[WhiteFideId "13401378"]
[BlackFideId "3503739"]
[WhiteElo "2661"]
[BlackElo "2611"]
[Result "1-0"]
[Round "10"]
[TimeControl "180+2"]
[Date "2023.02.07"]
[WhiteClock "0:00:51"]
[BlackClock "0:00:16"]

1. e4 e5 2. Nf3 Nc6 3. d4 exd4 4. Bc4 Nf6 5. e5 Ne4 6. Qe2 Nc5 7. O-O Be7 8. Rd1 Ne6 9. c3 d5 10. exd6 cxd6 11. cxd4 d5 12. Bb3 O-O 13. Nc3 Bf6 14. Be3 Nc7 15. h3 Re8 16. Rac1 Bf5 17. Ne5 Na5 18. Ba4 Re7 19. Qf3 Be6 20. Bf4 Rc8 21. b4 Bxe5 22. dxe5 Nc4 23. Bg5 Nxe5 24. Qg3 Ng6 25. Bxe7 Nxe7 26. Bb3 Ne8 27. Nb5 Rxc1 28. Rxc1 a6 29. Nc7 Nf5 30. Qe5 Qg5 31. f4 Qg3 32. Nxe6 Nh4 33. Bxd5 fxe6 34. Qxe6+ 1-0


[Site "https://www.chess.com"]

[Event "Titled Tuesday Blitz February 07 Early 2023"]
[White "Alex_Sahakyan2006"]
[Black "Kamsky, Gata"]
[BlackFideId "2000024"]
[WhiteElo "2712"]
[BlackElo "2665"]
[Result "1/2-1/2"]
[Round "10"]
[TimeControl "180+2"]
[Date "2023.02.07"]
[WhiteClock "0:00:13"]
[BlackClock "0:00:16"]

1. e4 g6 2. d4 d6 3. Nf3 Bg7 4. Bc4 e6 5. O-O a6 6. a4 b6 7. c3 Bb7 8. Re1 Nd7 9. Na3 Ne7 10. Nc2 O-O 11. Bd3 c5 12. h3 cxd4 13. cxd4 Rc8 14. Qe2 Rc7 15. Bf4 e5 16. Bg3 Qa8 17. Na3 Re8 18. Nc4 Nc8 19. dxe5 Nxe5 20. Nfxe5 dxe5 21. a5 bxa5 22. Nxa5 Qb8 23. Rec1 Rxc1+ 24. Rxc1 Nd6 25. f3 Bc8 26. Bf2 Nb5 27. Bxb5 axb5 28. b4 Bf8 29. Bc5 Bh6 30. Be3 Bf8 31. Rd1 Be6 32. Qf2 Rd8 33. Rxd8 Qxd8 34. Bc5 Bh6 35. Be3 Bf8 36. Bc5 Bh6 37. Be3 Bf8 1/2-1/2


[Site "https://www.chess.com"]